MID
CEDAR RAPIDS KERNELS @ LANSING LUGNUTS
04/29/2044
 
TOP OF THE 1ST
Cedar Rapids Kernels batting - Pitching for Lansing Lugnuts : LHP Jon Sosa
Pitching: LHP Jon Sosa
Batting: RHB J.J. Powers 0-0: Ball
1-0: Called Strike
1-1: Called Strike
1-2: Strikes out swinging
Batting: LHB Jim Pankratz 0-0: Swinging Strike
0-1: Ball
1-1: Called Strike
1-2: Ball
2-2: Foul Ball, location: 2F
2-2: Ball
3-2: Strikes out looking
Batting: RHB Mike Craver 0-0: Ball
1-0: Foul Ball, location: 2F
1-1: Swinging Strike
1-2: Ball
2-2: Foul Ball, location: 2F
2-2: Ground out 4-3 (Groundball, 4S, EV 78.8 MPH)
Top of the 1st over - 0 runs, 0 hits, 0 errors, 0 left on base; Cedar Rapids 0 - Lansing 0
BOTTOM OF THE 1ST
Lansing Lugnuts batting - Pitching for Cedar Rapids Kernels : RHP Matthew Lange
Pitching: RHP Matthew Lange
Batting: RHB Finn Ross 0-0: Ball
1-0: Called Strike
1-1: Bunt for hit to 15 - play at first, batter OUT! 1-3
Batting: LHB David Ramirez 0-0: Ball
1-0: Ball
2-0: Called Strike
2-1: Fly out, F9 (Line Drive, 9, EV 105.0 MPH)
Batting: SHB Jose Garcia 0-0: SINGLE (Groundball, 3S, EV 70.0 MPH) (infield hit)
Batting: RHB Bryan Westray 0-0: Called Strike
Jose Garcia steals 2nd base
0-1: Ball
1-1: Ball
2-1: Foul Ball, location: 2F
2-2: Foul Ball, location: 2F
2-2: Ball
3-2: Base on Balls
Batting: RHB Ivan Ramirez 0-0: Fly out, F9 (Flyball, 9D, EV 106.3 MPH)
Bottom of the 1st over - 0 runs, 1 hit, 0 errors, 2 left on base; Cedar Rapids 0 - Lansing 0
TOP OF THE 2ND
Cedar Rapids Kernels batting - Pitching for Lansing Lugnuts : LHP Jon Sosa
Batting: RHB Matt Dunn 0-0: Called Strike
0-1: Called Strike
0-2: Foul Ball, location: 2F
0-2: Ball
1-2: Foul Ball, location: 2F
1-2: Ball
2-2: Ball
3-2: DOUBLE (Groundball, 5L, EV 100.6 MPH)
Batting: SHB Shohei Fujii 0-0: Swinging Strike
0-1: Ground out 6-3 (Groundball, 56, EV 99.4 MPH)
Batting: LHB Mike Handrahan 0-0: Ball
1-0: Ball
2-0: Called Strike
2-1: Swinging Strike
2-2: Ball
3-2: Strikes out swinging
Batting: SHB Roberto Camarena 0-0: Ball
1-0: Called Strike
1-1: Foul Ball, location: 2F
1-2: Ball
2-2: Ball
3-2: Strikes out swinging
Top of the 2nd over - 0 runs, 1 hit, 0 errors, 1 left on base; Cedar Rapids 0 - Lansing 0
BOTTOM OF THE 2ND
Lansing Lugnuts batting - Pitching for Cedar Rapids Kernels : RHP Matthew Lange
Batting: RHB Luis Reyes 0-0: Ball
1-0: Foul Ball, location: 2F
1-1: Foul Ball, location: 2F
1-2: Strikes out swinging
Batting: RHB Tony Stedman 0-0: Ball
1-0: Called Strike
1-1: Ball
2-1: Ball
3-1: SINGLE (Groundball, 25, EV 65.0 MPH) (infield hit)
Batting: RHB Nick Wicker 0-0: Ball
Tony Stedman steals 2nd base
1-0: Called Strike
1-1: Called Strike
1-2: DOUBLE (Line Drive, 7LM, EV 95.0 MPH)
Tony Stedman scores
Batting: RHB Darren McCarty Jr. 0-0: Called Strike
Nick Wicker steals 3rd base
0-1: Fly out, F8 (Flyball, 8LS, EV 73.8 MPH)
Batting: RHB Finn Ross 0-0: Ball
1-0: Ball
2-0: Swinging Strike
2-1: Foul Ball, location: 2F
2-2: Ground out 5-3 (Groundball, 56S, EV 65.6 MPH)
Bottom of the 2nd over - 1 run, 2 hits, 0 errors, 1 left on base; Cedar Rapids 0 - Lansing 1
TOP OF THE 3RD
Cedar Rapids Kernels batting - Pitching for Lansing Lugnuts : LHP Jon Sosa
Batting: RHB Jake Wirthlin 0-0: Reached on error, E1 (Groundball, 13S, EV 69.4 MPH)
Batting: SHB Duri Chilemba 0-0: Called Strike
0-1: Foul Ball, location: 2F
0-2: Ball
1-2: Fly out, F7 (Flyball, 7LM, EV 92.5 MPH)
Batting: RHB J.J. Powers 0-0: Called Strike
0-1: Grounds into double play, 4-6-3 (Groundball, 4D, EV 101.3 MPH)
Top of the 3rd over - 0 runs, 0 hits, 1 error, 0 left on base; Cedar Rapids 0 - Lansing 1
BOTTOM OF THE 3RD
Lansing Lugnuts batting - Pitching for Cedar Rapids Kernels : RHP Matthew Lange
Batting: LHB David Ramirez 0-0: Ball
1-0: Ball
2-0: Foul Ball, location: 2F
2-1: SINGLE (Line Drive, 34, EV 100.0 MPH)
Batting: SHB Jose Garcia 0-0: Ball
1-0: Foul Ball, location: 2F
1-1: Foul Ball, location: 2F
1-2: Ball
2-2: Ground out 5-3 (Groundball, 56S, EV 70.6 MPH)
David Ramirez to second
Batting: RHB Bryan Westray 0-0: Ball
1-0: SINGLE (Groundball, 34D, EV 106.3 MPH)
David Ramirez to third
Runner from 3rd tries for Home, SAFE, throw by RF to home
Batting: RHB Ivan Ramirez 0-0: Called Strike
0-1: Ball
Bryan Westray steals 2nd base
1-1: Ball
Bryan Westray steals 3rd base
2-1: Fly out, F9 (Flyball, 9, EV 86.3 MPH)
Batting: RHB Luis Reyes 0-0: Ball
1-0: Fly out, F2 (Popup, 2LF, EV 82.5 MPH)
Bottom of the 3rd over - 1 run, 2 hits, 0 errors, 1 left on base; Cedar Rapids 0 - Lansing 2
TOP OF THE 4TH
Cedar Rapids Kernels batting - Pitching for Lansing Lugnuts : LHP Jon Sosa
Batting: LHB Jim Pankratz 0-0: Called Strike
0-1: Fly out, F6 (Popup, 56D, EV 50.0 MPH)
Batting: RHB Mike Craver 0-0: Ground out 4-3 (Groundball, 4, EV 104.4 MPH)
Batting: RHB Matt Dunn 0-0: Ball
1-0: Called Strike
1-1: Ball
2-1: Ground out 6-3 (Groundball, 6MD, EV 80.6 MPH)
Top of the 4th over - 0 runs, 0 hits, 0 errors, 0 left on base; Cedar Rapids 0 - Lansing 2
BOTTOM OF THE 4TH
Lansing Lugnuts batting - Pitching for Cedar Rapids Kernels : RHP Matthew Lange
Batting: RHB Tony Stedman 0-0: Foul Ball, location: 2F
0-1: Swinging Strike
0-2: Ball
1-2: SINGLE (Line Drive, 4MD, EV 96.3 MPH)
Batting: RHB Nick Wicker 0-0: Called Strike
Tony Stedman steals 2nd base
0-1: Fly out, F9 (Flyball, 9S, EV 77.5 MPH)
Batting: RHB Darren McCarty Jr. 0-0: Swinging Strike
0-1: Ball
1-1: Called Strike
1-2: Ball
2-2: Strikes out swinging
Batting: RHB Finn Ross 0-0: TRIPLE (Flyball, 7D, EV 105.0 MPH)
Tony Stedman scores
Batting: LHB David Ramirez 0-0: Ball
1-0: Ball
2-0: Ball
3-0: Base on Balls
Batting: SHB Jose Garcia 0-0: Ball
1-0: Ground out U3 (Groundball, 34S, EV 80.0 MPH)
Bottom of the 4th over - 1 run, 2 hits, 0 errors, 2 left on base; Cedar Rapids 0 - Lansing 3
TOP OF THE 5TH
Cedar Rapids Kernels batting - Pitching for Lansing Lugnuts : LHP Jon Sosa
Batting: SHB Shohei Fujii 0-0: Called Strike
0-1: Ball
1-1: Called Strike
1-2: Strikes out swinging
Batting: LHB Mike Handrahan 0-0: Called Strike
0-1: Ball
1-1: Foul Ball, location: 2F
1-2: Ball
2-2: Ball
3-2: Foul Ball, location: 2F
3-2: Foul Ball, location: 2F
3-2: Base on Balls
Batting: SHB Roberto Camarena 0-0: Fly out, F7 (Flyball, 78M, EV 91.3 MPH)
Batting: RHB Jake Wirthlin 0-0: Ball
1-0: Ball
2-0: Foul Ball, location: 2F
2-1: Called Strike
2-2: Strikes out swinging
Top of the 5th over - 0 runs, 0 hits, 0 errors, 1 left on base; Cedar Rapids 0 - Lansing 3
BOTTOM OF THE 5TH
Lansing Lugnuts batting - Pitching for Cedar Rapids Kernels : RHP Matthew Lange
Batting: RHB Bryan Westray 0-0: Fly out, F8 (Flyball, 89XD, EV 107.5 MPH)
Batting: RHB Ivan Ramirez 0-0: Ball
1-0: Foul Ball, location: 2F
1-1: Ball
2-1: Foul Ball, location: 2F
2-2: Strikes out looking
Batting: RHB Luis Reyes 0-0: Ground out 4-3 (Groundball, 4M, EV 93.8 MPH)
Bottom of the 5th over - 0 runs, 0 hits, 0 errors, 0 left on base; Cedar Rapids 0 - Lansing 3
TOP OF THE 6TH
Cedar Rapids Kernels batting - Pitching for Lansing Lugnuts : LHP Jon Sosa
Batting: SHB Duri Chilemba 0-0: Foul Ball, location: 2F
0-1: Foul Ball, location: 2F
0-2: Strikes out looking
Batting: RHB J.J. Powers 0-0: Foul Ball, location: 2F
0-1: Foul Ball, location: 2F
0-2: Ball
1-2: Ground out U3 (Groundball, 3, EV 103.8 MPH)
Batting: LHB Jim Pankratz 0-0: Ball
1-0: Ball
2-0: Ball
3-0: Called Strike
3-1: DOUBLE (Line Drive, 5D, EV 96.9 MPH)
Pitching: RHP Andres Lozano
Batting: RHB Mike Craver 0-0: SINGLE (Flyball, 9S, EV 88.8 MPH)
Jim Pankratz to third
Runner from 3rd tries for Home, SAFE, throw by RF to home
Batting: RHB Matt Dunn 0-0: Ball
1-0: Called Strike
1-1: Ball
2-1: 2-RUN HOME RUN (Line Drive, 78XD, EV 106.9 MPH), Distance : 412 ft
Batting: SHB Shohei Fujii 0-0: Ball
1-0: Swinging Strike
1-1: Ball
2-1: Called Strike
2-2: Ground out 4-3 (Groundball, 4, EV 106.3 MPH)
Top of the 6th over - 3 runs, 3 hits, 0 errors, 0 left on base; Cedar Rapids 3 - Lansing 3
BOTTOM OF THE 6TH
Lansing Lugnuts batting - Pitching for Cedar Rapids Kernels : RHP Matthew Lange
Batting: RHB Tony Stedman 0-0: Ball
1-0: Swinging Strike
1-1: Foul Ball, location: 2F
1-2: Strikes out swinging
Batting: RHB Nick Wicker 0-0: Fly out, F8 (Flyball, 8RM, EV 88.8 MPH)
Batting: RHB Darren McCarty Jr. 0-0: Ball
1-0: Ball
2-0: Ball
3-0: Called Strike
3-1: Foul Ball, location: 2F
3-2: Ground out 1-3 (Groundball, P, EV 65.6 MPH)
Bottom of the 6th over - 0 runs, 0 hits, 0 errors, 0 left on base; Cedar Rapids 3 - Lansing 3
TOP OF THE 7TH
Cedar Rapids Kernels batting - Pitching for Lansing Lugnuts : RHP Andres Lozano
Batting: LHB Mike Handrahan 0-0: Called Strike
0-1: Ball
1-1: Foul Ball, location: 2F
1-2: Ball
2-2: Ball
3-2: Ground out 4-3 (Groundball, 4S, EV 91.3 MPH)
Batting: SHB Roberto Camarena 0-0: Ground out 4-3 (Groundball, 4, EV 103.8 MPH)
Batting: RHB Jake Wirthlin 0-0: Ball
1-0: Ball
2-0: Ball
3-0: Called Strike
3-1: Swinging Strike
3-2: SINGLE (Groundball, 4D, EV 102.5 MPH)
Batting: SHB Duri Chilemba 0-0: Called Strike
0-1: Ball
1-1: Called Strike
1-2: Ball
2-2: Ball
3-2: Strikes out swinging
Top of the 7th over - 0 runs, 1 hit, 0 errors, 1 left on base; Cedar Rapids 3 - Lansing 3
BOTTOM OF THE 7TH
Lansing Lugnuts batting - Pitching for Cedar Rapids Kernels : RHP Matthew Lange
Batting: RHB Finn Ross 0-0: Hit by Pitch
Batting: LHB David Ramirez 0-0: Called Strike
Finn Ross steals 2nd base
0-1: Fly out, F9 (Line Drive, 9, EV 89.4 MPH)
Batting: SHB Jose Garcia 0-0: Intentional Walk
Pinch Hitting: SHB Joel Baker 0-0: Ball
Finn Ross steals 3rd base
Jose Garcia to second
1-0: Intentional Walk
Pinch Hitting: LHB Roger Escareno 0-0: Called Strike
0-1: Swinging Strike
0-2: Ball
1-2: Strikes out looking
Batting: RHB Luis Reyes 0-0: Fly out, F6 (Line Drive, 6, EV 68.1 MPH)
Bottom of the 7th over - 0 runs, 0 hits, 0 errors, 3 left on base; Cedar Rapids 3 - Lansing 3
TOP OF THE 8TH
Cedar Rapids Kernels batting - Pitching for Lansing Lugnuts : RHP Andres Lozano
Pitching: RHP Germano Nunes
Now at 1B: Roger Escareno
Now in RF: Joel Baker
Batting: RHB J.J. Powers 0-0: Fly out, F9 (Flyball, 9LM, EV 95.6 MPH)
Batting: LHB Jim Pankratz 0-0: Swinging Strike
0-1: Ball
1-1: Ball
2-1: Foul Ball, location: 2F
2-2: Ball
3-2: Base on Balls
Batting: RHB Mike Craver 0-0: Ball
Jim Pankratz is caught stealing 2nd base 2-4
1-0: Foul Ball, location: 2F
1-1: Swinging Strike
1-2: Strikes out looking
Top of the 8th over - 0 runs, 0 hits, 0 errors, 0 left on base; Cedar Rapids 3 - Lansing 3
BOTTOM OF THE 8TH
Lansing Lugnuts batting - Pitching for Cedar Rapids Kernels : RHP Matthew Lange
Batting: RHB Tony Stedman 0-0: Ball
1-0: Fly out, F3 (Popup, 34, EV 80.0 MPH)
Batting: RHB Nick Wicker 0-0: Ground out 5-3 (Groundball, 56, EV 87.5 MPH)
Batting: RHB Darren McCarty Jr. 0-0: Foul Ball, location: 2F
0-1: Foul Ball, location: 2F
0-2: Foul Ball, location: 2F
0-2: Foul Ball, location: 2F
0-2: Ball
1-2: Foul Ball, location: 2F
1-2: Ball
2-2: Foul Ball, location: 2F
2-2: Strikes out looking
Bottom of the 8th over - 0 runs, 0 hits, 0 errors, 0 left on base; Cedar Rapids 3 - Lansing 3
TOP OF THE 9TH
Cedar Rapids Kernels batting - Pitching for Lansing Lugnuts : RHP Germano Nunes
Batting: RHB Matt Dunn 0-0: Called Strike
0-1: Ball
1-1: Fly out, F7 (Flyball, 78S, EV 81.9 MPH)
Batting: SHB Shohei Fujii 0-0: Called Strike
0-1: Ball
1-1: Ball
2-1: Foul Ball, location: 2F
2-2: Ball
3-2: SINGLE (Groundball, 34D, EV 99.4 MPH)
Batting: LHB Mike Handrahan Pickoff Throw to First - Out! 1-3
0-0: Foul Ball, location: 2F
0-1: Foul Ball, location: 2F
0-2: Strikes out swinging
Top of the 9th over - 0 runs, 1 hit, 0 errors, 0 left on base; Cedar Rapids 3 - Lansing 3
BOTTOM OF THE 9TH
Lansing Lugnuts batting - Pitching for Cedar Rapids Kernels : RHP Matthew Lange
Pitching: RHP Steven Legge
Batting: RHB Finn Ross 0-0: Ball
1-0: Called Strike
1-1: Ball
2-1: Ball
3-1: Base on Balls
Batting: LHB David Ramirez 0-0: Ball
Finn Ross steals 2nd base (no throw)
1-0: Ball
2-0: Called Strike
2-1: Ball
3-1: Foul Ball, location: 2F
3-2: Foul Ball, location: 2F
3-2: Reached on error, E5 (Groundball, 5, EV 83.8 MPH)
Finn Ross to third
Batting: SHB Jose Garcia 0-0: Ball
1-0: Called Strike
1-1: Fielders Choice at home, 6-2 (Groundball, 6MS, EV 66.9 MPH)
David Ramirez to second
Batting: SHB Joel Baker 0-0: Foul Ball, location: 2F
0-1: Ball
1-1: Called Strike
1-2: Ball
2-2: Grounds into double play, 6-4-3 (Groundball, 6M, EV 100.0 MPH)
Bottom of the 9th over - 0 runs, 0 hits, 1 error, 1 left on base; Cedar Rapids 3 - Lansing 3
TOP OF THE 10TH
Cedar Rapids Kernels batting - Pitching for Lansing Lugnuts : RHP Germano Nunes
Pitching: RHP Mel Schultz
Batting: SHB Roberto Camarena 0-0: Ball
1-0: Ball
2-0: Ball
3-0: Called Strike
3-1: Foul Ball, location: 2F
3-2: Base on Balls
Pinch Hitting: LHB Christiaan Smits 0-0: 2-RUN HOME RUN (Flyball, 9D, EV 97.5 MPH), Distance : 373 ft
Batting: SHB Duri Chilemba 0-0: Ball
1-0: Foul Ball, location: 2F
1-1: Ball
2-1: Foul Ball, location: 2F
2-2: Foul Ball, location: 2F
2-2: Strikes out looking
Batting: RHB J.J. Powers 0-0: Ball
1-0: Called Strike
1-1: Called Strike
1-2: Foul Ball, location: 2F
1-2: Ball
2-2: Foul Ball, location: 2F
2-2: Ball
3-2: SINGLE (Flyball, 8RS, EV 86.9 MPH)
Batting: LHB Jim Pankratz 0-0: Foul Ball, location: 2F
0-1: Foul Ball, location: 2F
0-2: Ball
J.J. Powers steals 2nd base
1-2: SINGLE (Line Drive, 9S, EV 111.3 MPH)
J.J. Powers to third
Runner from 3rd tries for Home, SAFE, throw by RF to home
Batting: RHB Mike Craver 0-0: Ball
Jim Pankratz steals 2nd base
1-0: Ground out 6-3 (Groundball, 6S, EV 71.3 MPH)
Jim Pankratz to third
Batting: RHB Matt Dunn 0-0: SINGLE (Groundball, 56D, EV 107.5 MPH)
Jim Pankratz scores
Pitching: RHP Jordan Jacobo
Batting: SHB Shohei Fujii 0-0: Called Strike
Matt Dunn steals 2nd base (no throw)
0-1: Ball
1-1: Foul Ball, location: 2F
1-2: Ball
2-2: Strikes out swinging
Top of the 10th over - 4 runs, 4 hits, 0 errors, 1 left on base; Cedar Rapids 7 - Lansing 3
BOTTOM OF THE 10TH
Lansing Lugnuts batting - Pitching for Cedar Rapids Kernels : RHP Steven Legge
Now at 2B: Orlando Blanco
Batting: LHB Roger Escareno 0-0: Ball
1-0: Called Strike
1-1: SINGLE (Groundball, 6D, EV 96.9 MPH)
Batting: RHB Luis Reyes 0-0: Ball
1-0: Ball
2-0: Ball
3-0: Called Strike
3-1: Foul Ball, location: 2F
3-2: SINGLE (Line Drive, 89S, EV 106.3 MPH)
Roger Escareno to second
Batting: RHB Tony Stedman 0-0: Called Strike
0-1: Swinging Strike
0-2: Ball
1-2: Ball
2-2: Ball
3-2: Strikes out swinging
Pitching: LHP Mark Challinor
Batting: RHB Nick Wicker 0-0: Foul Ball, location: 2F
0-1: Ball
1-1: Ball
2-1: Ball
3-1: Base on Balls
Roger Escareno to third
Luis Reyes to second
Batting: RHB Darren McCarty Jr. 0-0: Ball
Wild Pitch!
Roger Escareno scores
Luis Reyes to third
Nick Wicker to second
1-0: Ball
2-0: Ball
3-0: Called Strike
3-1: Ground out 5-3 (Groundball, 56, EV 86.3 MPH)
Luis Reyes scores
Batting: RHB Finn Ross 0-0: Called Strike
0-1: Ball
1-1: Called Strike
1-2: Ball
2-2: DOUBLE (Line Drive, 78D, EV 108.1 MPH)
Nick Wicker scores
Pinch Hitting: RHB B.J. Worthy 0-0: Ball
1-0: Ball
2-0: Foul Ball, location: 2F
2-1: Foul Ball, location: 2F
2-2: Ball
3-2: Base on Balls
Batting: SHB Jose Garcia 0-0: Ground out 2-3 (Groundball, 2L, EV 66.3 MPH)
Bottom of the 10th over - 3 runs, 3 hits, 0 errors, 2 left on base; Cedar Rapids 7 - Lansing 6
Thursday, March 31st , 2022 - OOTP Baseball 22.12 Build 89